 Dungeon Crawl Stone Soup version 0.32-a0-38-gb04dd89b9b (webtiles) character file.

Game seed: 9614589474572910418

6207 whatisthis the Thaumaturge (level 10, -5/69 HPs)
             Began as a Ghoul Necromancer on Jan 24, 2024.
             Was a Believer of Kikubaaqudgha.
             Slain by a tentacled starspawn (31 damage)
             ... on level 2 of the Abyss.
             The game lasted 00:40:23 (11502 turns).

whatisthis the Thaumaturge (Ghoul Necromancer)     Turns: 11502, Time: 00:40:24

Health: -5/69      AC:  8    Str: 15    XL:     10   Next: 92%
Magic:  26/26      EV: 12    Int: 18    God:    Kikubaaqudgha [**....]
Gold:   635        SH:  0    Dex:  9    Spells: 25/33 levels left

rFire   + . .        H - +4 dagger "Waow" {venom, rElec Str+2}
rCold   . . .        (no shield)
rNeg    + + +        K - +0 steam dragon scales
rPois   ∞            u - +2 hat
rElec   +            (no cloak)
rCorr   .            (no gloves)
SInv    .            s - +0 pair of boots
Will    .....        i - amulet of regeneration
Stlth   +++          g - ring of fire
HPRegen 0.00/turn    (no ring)
MPRegen 0.20/turn

%: no passive effects
@: about to teleport, inhibited regen
A: claws 1, cold resistance 1, negative energy resistance 3, inhibited
regeneration, torment resistance 2, devour on kill
a: Renounce Religion, Unearth Wretches


You were on level 2 of the Abyss.
You worshipped Kikubaaqudgha.
Kikubaaqudgha was pleased with you.
You visited 2 branches of the dungeon, and saw 10 of its levels.
You visited the Abyss 1 time.

You collected 635 gold pieces.

Inventory:

Hand Weapons
 d - the +6 shillelagh "Devastator" {shatter}
   (You found it on level 9 of the Dungeon)
 H - the +4 dagger "Waow" (weapon) {venom, rElec Str+2}
   (You found it on level 6 of the Dungeon)

   Str+2:     It affects your strength (+2).
   rElec:     It insulates you from electricity.
Missiles
 y - 15 boomerangs
 B - 7 poisoned darts
 N - a curare-tipped dart
Armour
 s - a +0 pair of boots (worn)
 u - a +2 hat (worn)
 K - +0 steam dragon scales (worn)
Jewellery
 g - a ring of fire (left claw)
 i - an amulet of regeneration (around neck)
 C - an amulet of faith
 E - a ring of ice
 I - the ring "Ozxoicvi" {Fly rPois rN++ Int-2}
   (You found it on level 7 of the Dungeon)

   [ring of flight]

   Int-2:     It affects your intelligence (-2).
   rPois:     It protects you from poison rN++: It greatly protects you from
   negative energy.
   Fly:       It grants you flight.
Wands
 e - a wand of digging (2)
 v - a wand of charming (26)
 M - a wand of iceblast (9)
Scrolls
 a - 2 scrolls of revelation
 h - 3 scrolls of vulnerability
 k - 3 scrolls of enchant weapon
 l - 4 scrolls of fog
 m - a scroll of noise {unknown}
 n - 3 scrolls of teleportation
 q - a scroll of blinking {unknown}
 r - 3 scrolls of enchant armour
 A - 2 scrolls of silence
 F - 3 scrolls of immolation
 J - a scroll of butterflies {unknown}
Potions
 b - 2 potions of magic
 c - 3 potions of might
 j - a potion of enlightenment {unknown}
 o - 2 potions of brilliance {unknown}
 p - 2 potions of degeneration {unknown}
 t - 2 potions of haste {unknown}
 w - a potion of lignification {unknown}
 x - a potion of resistance {unknown}
 z - a potion of mutation {unknown}
 D - 2 potions of heal wounds {unknown}
 G - a potion of attraction {unknown}
 L - a potion of ambrosia {unknown}


   Skills:
 - Level 1.7 Dodging
 - Level 5.0 Stealth
 + Level 12.1 Spellcasting
 + Level 11.8 Necromancy


You had 25 spell levels left.
You knew the following spells:

 Your Spells              Type           Power      Damage    Failure   Level
a - Necrotise             Necr           100%       1d9       1%          1
b - Vampiric Draining     Necr           52%        2d9       1%          3
c - Animate Dead          Necr           52%        N/A       1%          4

Your spell library contained the following spells:

 Spells                   Type           Power      Damage    Failure   Level
 Cigotuvi's Dreadful Rot  Necr/Alch/Air  50%        N/A       1%          2
 Curse of Agony           Necr           52%        N/A       1%          5
 Blink                    Tloc           20%        N/A       10%         2
 Lesser Beckoning         Tloc           20%        N/A       10%         2
 Momentum Strike          Conj/Tloc      20%        3d8       10%         2
 Hailstorm                Conj/Ice       10%        3d6       19%         3
 Summon Ice Beast         Ice/Summ       10%        N/A       19%         3
 Sculpt Simulacrum        Ice/Alch       5%         N/A       100%        6


Dungeon Overview and Level Annotations

Branches:
Dungeon (9/15)             Temple (1/1) D:7            Lair (0/5) D:9
    Orc: D:9-12

Altars:
Ashenzari
Cheibriados
Dithmenos
Fedhas
Gozag
Hepliaklqana
Kikubaaqudgha
Makhleb
Nemelex Xobeh
Okawaru
Qazlal
Ru
Sif Muna
Trog
Uskayaw
Vehumet
Wu Jian
Xom
Yredelemnul

Annotations:
D:3 Dowan
D:5 Edmund
D:6 1 runed translucent door, p00ps00p's ghost, amateur HOFi
D:9 Erolcha


Innate Abilities, Weirdness & Mutations

You are immune to poison.
You have sharp fingernails.
Your flesh is cold resistant. (rC+)
You are immune to negative energy. (rN+++)
You do not regenerate when monsters are visible.
You are immune to unholy pain and torment.
You thrive by killing the living.


Message History

The ynoxinul bellows!
Tentacles burst from the starspawn's body! 2 starspawn tentacles come into view.
The ynoxinul gestures at you. The iron shot hits you!
The ynoxinul hits you but does no damage.
As you read the scroll of teleportation, it crumbles to dust.
You feel strangely unstable.
You feel the power of the Abyss delaying your translocation!
A tentacle flies out from the starspawn's body!
A starspawn tentacle comes into view.
You hit the tentacled starspawn.
The tentacled starspawn is lightly damaged.
The tentacled starspawn barely misses you.
The tentacled starspawn tentacle-slaps you!
The ynoxinul gestures.
You hit the tentacled starspawn.
The tentacled starspawn is lightly damaged.
The tentacled starspawn bites you but does no damage.
The tentacled starspawn tentacle-slaps you.
You hit the tentacled starspawn but do no damage.
The tentacled starspawn is lightly damaged.
The tentacled starspawn barely misses you.
The tentacled starspawn tentacle-slaps you!
The tentacled starspawn misses you.
The tentacled starspawn tentacle-slaps you.
* * * LOW HITPOINT WARNING * * *
Unknown command.
You feel better. The tentacled starspawn bites you!
* * * LOW HITPOINT WARNING * * *
The tentacled starspawn misses you. The tentacled starspawn misses you.
The tentacled starspawn tentacle-slaps you.
* * * LOW HITPOINT WARNING * * *
The ynoxinul gestures.
You feel better. The tentacled starspawn bites you!!
You die...
Kikubaaqudgha rasps: "You have failed me!
Welcome... oblivion!"

### #. #5#
###5# #53w#
#h#X## ####
##@# # #.
.###### .# .
#.........# #
.##.........#
. # ..##.>3..
...# . .
....##..... .
# . . .
##h...#.# . #
.. #.. # ...
. . # .. 5..
..#.. .. .


You could see a tentacled starspawn, a ynoxinul, a starspawn tentacle
(distracted), a crimson imp and 2 ufetubi.

Vanquished Creatures
  2 hornets
  2 wyverns
  4 yaks
  2 basilisks
  3 steam dragons
  Duvessa (D:4)
  An orc warrior (D:6)
  2 ice beasts
  An ogre (D:5)
  2 sky beasts
  5 centaurs
  2 kobold brigands
  3 bullfrogs
  A gnoll sergeant (D:9)
  6 scorpions
  A wight (D:8)
  4 killer bees (D:5)
  4 howler monkeys (D:9)
  3 orc priests
  3 bombardier beetles
  A sleepcap (D:6)
  3 hounds
  Jessica (D:3)
  An iguana (D:6)
  Natasha (twice) (D:4)
  11 orc wizards
  6 gnolls (D:9)
  10 adders
  A white imp (D:7)
  A dart slug (D:2)
  23 orcs
  6 ball pythons
  14 endoplasms
  5 giant cockroaches
  9 goblins
  8 hobgoblins
  A jackal (D:4)
  7 kobolds
  4 quokkas
  7 bats
  5 rats
178 creatures vanquished.

Vanquished Creatures (collateral kills)
  A merfolk (D:9)
  A yak (D:8)
  A basilisk (D:9)
  A water moccasin (D:7)
  2 sky beasts (D:7)
  An ogre (D:6)
  A phantom (D:6)
  A kobold brigand (D:9)
  A killer bee (D:5)
  A bombardier beetle (D:6)
  An orc priest (D:8)
  An iguana (D:7)
  A gnoll (D:9)
  An orc (D:9)
  An endoplasm (D:2)
  5 jackals
  A frilled lizard (D:2)
22 creatures vanquished.

Vanquished Creatures (others)
  Maggie (D:7)
  A shadow (D:9)
  2 wights (D:8)
  A killer bee (D:5)
  A yak zombie (D:8)
  A centaur zombie (D:9)
  A kobold zombie (D:9)
  3 howler monkey zombies (D:9)
  4 gnoll zombies (D:9)
  11 orc zombies
  20 starspawn tentacles (Abyss:2)
46 creatures vanquished.

Grand Total: 246 creatures vanquished

Notes
Turn   | Place    | Note
-------+----------+-------------------------------------------
     0 | D:1      | whatisthis the Ghoul Necromancer began the quest for the
                  | Orb.
     0 | D:1      | Reached XP level 1. HP: 14/14 MP: 3/3
   121 | D:1      | Reached skill level 2 in Spellcasting
   192 | D:1      | Reached XP level 2. HP: 20/20 MP: 0/5
   676 | D:1      | Reached XP level 3. HP: 25/26 MP: 2/6
   953 | D:1      | Learned a level 3 spell: Vampiric Draining
  1542 | D:2      | Reached skill level 3 in Spellcasting
  1649 | D:2      | Reached XP level 4. HP: 33/33 MP: 3/8
  2081 | D:3      | Reached skill level 5 in Necromancy
  2173 | D:3      | Noticed Jessica
  2175 | D:3      | Killed Jessica
  2202 | D:3      | Reached XP level 5. HP: 38/38 MP: 2/10
  2370 | D:3      | Reached skill level 4 in Spellcasting
  2476 | D:3      | Found a faded altar of an unknown god.
  2647 | D:4      | Reached XP level 6. HP: 45/45 MP: 7/13
  2813 | D:4      | Noticed Natasha
  3021 | D:4      | Reached skill level 5 in Spellcasting
  3095 | D:4      | Found a broken altar of Ashenzari.
  3182 | D:4      | Noticed Duvessa
  3183 | D:4      | Noticed Dowan
  3284 | D:4      | Killed Duvessa
  3449 | D:4      | Reached XP level 7. HP: 49/50 MP: 12/15
  3614 | D:4      | Killed Natasha
  3648 | D:5      | Entered Level 5 of the Dungeon
  3654 | D:4      | Reached skill level 6 in Spellcasting
  3666 | D:4      | Noticed Natasha
  3671 | D:4      | Killed Natasha
  3977 | D:5      | Found a sparkling altar of Nemelex Xobeh.
  4022 | D:5      | Reached skill level 7 in Spellcasting
  4236 | D:5      | Reached XP level 8. HP: 53/57 MP: 14/19
  4269 | D:5      | Learned a level 4 spell: Animate Dead
  4864 | D:6      | Found a runed translucent door.
  4867 | D:6      | Noticed p00ps00p's ghost (amateur HOFi)
  4892 | D:6      | Noticed Edmund
  5044 | D:6      | Reached skill level 8 in Spellcasting
  5263 | D:6      | Found a stormy altar of Qazlal.
  5392 | D:6      | Found a sand-covered staircase.
  5837 | D:6      | Identified the +4 dagger "Waow" {venom, rElec Str+2}
  5997 | D:6      | Found a bloodstained altar of Trog.
  6006 | D:6      | Reached skill level 5 in Stealth
  6061 | D:6      | Reached XP level 9. HP: 62/62 MP: 14/21
  6068 | D:6      | Reached skill level 9 in Spellcasting
  6394 | D:7      | Identified the ring "Ozxoicvi" {Fly rPois rN++ Int-2}
  6429 | D:7      | Noticed Maggie
  6446 | D:7      | HP: 3/62 [steam dragon] (9)]
  6460 | D:7      | Your ally Maggie died
  6658 | D:6      | HP: 1/62 [something (13)]
  6893 | D:7      | Found a staircase to the Ecumenical Temple.
  6908 | Temple   | Entered the Ecumenical Temple
  6921 | Temple   | Became a worshipper of Kikubaaqudgha
  6949 | D:7      | Reached skill level 10 in Spellcasting
  7253 | D:7      | Found a shimmering altar of Xom.
  7906 | D:8      | Reached skill level 10 in Necromancy
  7939 | D:8      | Reached skill level 11 in Spellcasting
  7958 | D:8      | Reached XP level 10. HP: 45/69 MP: 7/25
  8382 | D:8      | Reached * piety under Kikubaaqudgha
  8382 | D:8      | Received a gift from Kikubaaqudgha
  9327 | D:9      | Found a staircase to the Lair.
  9328 | D:9      | Noticed Erolcha
  9591 | D:9      | HP: 3/69 [something (29)]
 10481 | D:9      | Found the +6 shillelagh "Devastator" {shatter}
 10496 | D:9      | Found a burning altar of Makhleb.
 10496 | D:9      | Found a hazy altar of Hepliaklqana.
 10506 | D:9      | Reached skill level 12 in Spellcasting
 10624 | D:9      | HP: 1/69 [merfolk/+0 trident (12)]
 10625 | D:9      | Reached ** piety under Kikubaaqudgha
 11087 | D:9      | Found a snail-covered altar of Cheibriados.
 11353 | Abyss:2  | Cast into level 2 of the Abyss (Erolcha)
 11367 | Abyss:2  | Found a corrupted altar of Lugonu.
 11368 | Abyss:2  | Noticed a tentacled starspawn
 11388 | Abyss:2  | Found an ancient bone altar of Kikubaaqudgha.
 11389 | Abyss:2  | Found an ancient bone altar of Kikubaaqudgha.
 11389 | Abyss:2  | Found an ancient bone altar of Kikubaaqudgha.
 11410 | Abyss:2  | Noticed a green death
 11423 | Abyss:2  | Noticed a tentacled starspawn
 11423 | Abyss:2  | Noticed a starcursed mass
 11449 | Abyss:2  | Noticed a thrashing horror
 11502 | Abyss:2  | Slain by a tentacled starspawn

Illustrated notes

Levels and vault maps discovered:
D:1:      lightli_arrival_isolated_outpost, layout_loops_ring, roderic_lattice_a
D:2:      layout_rooms
D:3:      layout_rooms, mainiacjoe_overflow_concentric_impassable,
          shapermc_ecumenical_altar_mp_ritualfount, uniq_jessica
D:4:      layout_basic, mainiacjoe_overflow_surrounded_room, uniq_duvessa,
          uniq_natasha
D:5:      layout_basic, old_standard_altar
D:6:      layout_loops_cross, trog_butcher_becter, lemuel_tele_altar,
          ebering_ghost_sewer_d, nicolae_ossuary_entry_false_entrances,
          uniq_edmund
D:7:      layout_rooms, chequers_temple_overflow_statue_of_worship,
          minmay_temple_entry_drinking_statues, minmay_misc_feat_cross,
          hangedman_misty_isle, uniq_maggie
D:8:      layout_loops_cross
D:9:      layout_loops_ring, mainiacjoe_overflow_catwalk_spiral,
          david_lair_generic, serial_library_hellmonk_room_a, roadster_trireme,
          uniq_erolcha
Temple:   compressed_dpeg_triangle_lava_temple
Abyss:2:  base: D:3, hangedman_abyss_exit_choices

Skill      XL: |  1  2  3  4  5  6  7  8  9 10 |
---------------+-------------------------------+-----
Spellcasting   | 2 3 4 5 7 8 11 12 | 12.1
Necromancy     | 5 6 7 8 10 11 | 11.8
Stealth        | 5 |  5.0
Dodging        | |  1.7

Action                     |  1- 3 |  4- 6 |  7- 9 | 10-12 || total
---------------------------+-------+-------+-------+-------++-------
  Melee: Unarmed           |     9 |       |       |       ||     9
         Hand axe          |    11 |    19 |    45 |       ||    75
         Dagger            |       |       |    92 |   111 ||   203
         Punch             |       |       |     1 |     1 ||     2
  Throw: Dart              |       |       |       |     4 ||     4
   Cast: Necrotise         |    73 |    65 |    76 |    29 ||   243
         Vampiric Draining |       |     8 |    64 |    45 ||   117
         Animate Dead      |       |       |     5 |     7 ||    12
  Evoke: Wand              |       |       |     9 |     9 ||    18
    Use: Potion            |       |     1 |       |     3 ||     4
         Scroll            |       |       |     8 |     4 ||    12
 Armour: Robe              |    28 |    45 |   139 |       ||   212
         Steam dragon scal |       |       |    76 |   157 ||   233
  Dodge: Dodged            |    32 |    35 |   136 |   104 ||   307

Table legend: (Time is in decaauts)
 A = Elapsed time spent in this place.
 B = Non-inter-level travel time spent in this place.
 C = Inter-level travel time spent in this place.
 D = Time resting spent in this place.
 E = Time spent auto-exploring this place.
 F = Levels seen in this place.
 G = Mean time per level.
                   A        B        C        D        E       F      G
               +--------+--------+--------+--------+--------+-----+--------+
         Total |  11563 |  11156 |    407 |   3930 |   3402 |  11 | 1051.2 |
       Dungeon |  11348 |  10953 |    395 |   3906 |   3402 |   9 | 1260.9 |
        Temple |     66 |     54 |     12 |     24 |      0 |   1 |   66.0 |
         Abyss |    148 |    148 |      0 |      0 |      0 |   1 |  148.0 |
               +--------+--------+--------+--------+--------+-----+--------+

Top non-repeatable levels by time:
     D:9: 1889 daAuts
     D:6: 1805 daAuts
     D:8: 1674 daAuts
     D:1: 1273 daAuts
     D:5: 1174 daAuts
     D:7: 1066 daAuts
     D:4: 967 daAuts
     D:3: 900 daAuts
     D:2: 597 daAuts
 Abyss:2: 148 daAuts
  Temple: 66 daAuts
